 Dungeon Crawl Stone Soup version 0.15.1-3-g1b33baa (webtiles) character file.

172 Kex the Insei (level 5, -6/41 HPs)
             Began as a Draconian Transmuter on Oct 5, 2014.
             Mangled by a gnoll
             ... wielding a +0 spear
              (9 damage)
             ... on Level 4 of the Dungeon.
             The game lasted 00:07:24 (3144 turns).

Kex the Insei (Draconian Transmuter)                Turns: 3144, Time: 00:07:24

HP  -6/41        AC  2     Str 17      XL: 5   Next: 27%
MP   6/9         EV 11     Int 13      God:
Gold 98          SH  0     Dex 18      Spells:  2 memorised,  5 levels left

rFire  . . .     SeeInvis .       - Unarmed
rCold  . . .     Clarity  .     (armour unavailable)
rNeg   . . .     rCorr    .     (shield currently unavailable)
rPois  x         rRot     .     (helmet currently unavailable)
rElec  .         Spirit   .     (cloak currently unavailable)
SustAb .         Warding  .     (gloves currently unavailable)
rMut   .         Stasis   .     (boots currently unavailable)
Gourm  .                        (no amulet)
MR     .....                    (no ring)
                                q - +5 ring of strength

@: spider-form (expiring), held, not resistant to hostile enchantments,
unstealthy
A: unfitting armour, (cold-blooded), AC +5
a: End Transformation


You were on level 4 of the Dungeon.
You were very hungry.
You were in spider-form.
You visited 1 branch of the dungeon, and saw 4 of its levels.

You collected 98 gold pieces.

Inventory:

Missiles
 b - 12 arrows
Comestibles
 a - a bread ration
 k - a meat ration
Scrolls
 c - a scroll of fog
 j - 3 scrolls of remove curse {unknown}
 m - a scroll of teleportation {unknown}
 n - a scroll of fear {unknown}
 o - a scroll of noise {unknown}
Jewellery
 q - a +5 ring of strength (left front leg)
Potions
 e - a potion of heal wounds {unknown}
 h - a potion of flight {unknown}
 i - 2 potions of curing {unknown}
 l - a potion of agility
Books
 d - a book of Changes

   Spells                             Type                      Level
   *Beastly Appendage                 Transmutation                1
   Sticks to Snakes                   Transmutation                2
   *Spider Form                       Transmutation/Poison         3
   Ice Form                           Ice/Transmutation            4
   Blade Hands                        Transmutation                5


   Skills:
 + Level 1.7 Fighting
 + Level 3.1 Dodging
 + Level 3.7 Unarmed Combat
 + Level 2.7 Spellcasting
 * Level 3.2 Transmutations


You had 5 spell levels left.
You knew the following spells:

 Your Spells              Type           Power        Failure   Level  Hunger
a - Beastly Appendage     Trmt           ##....       24%         1    #......
b - Spider Form           Trmt/Pois      #.........   61%         3    ####...


Dungeon Overview and Level Annotations

Branches:
Dungeon (4/15)
 Temple: D:4-7

Altars:
Elyvilon
Fedhas
Zin

Annotations:
D:3 exclusion: oklob plant


Innate Abilities, Weirdness & Mutations

((Your plain brown scales are hard (AC +5).))
Your body does not fit into most forms of armour.
((Your cold-blooded metabolism reacts poorly to cold.))


Message History

Your transformation is almost over.
The gnoll misses you. The gnoll hits you.
The gnoll shaman calls upon its god to speed up the gnoll.
The gnoll seems to speed up.
You kill the gnoll shaman!
Your Dodging skill increases to level 3!
The gnoll hits you from afar with a spear!
* * * LOW HITPOINT WARNING * * *
The gnoll misses you.
The gnoll hits you from afar with a spear.
* * * LOW HITPOINT WARNING * * *
The gnoll throws a throwing net.
The throwing net hits you.
You become entangled in the net!
The gnoll hits you.
* * * LOW HITPOINT WARNING * * *
You see here a throwing net.
You try to slip out of the net.
The gnoll barely misses you. The gnoll closely misses you. x2
You try to slip out of the net.
The gnoll hits you from afar with a spear!
You die...

### ......# ..# ..#
.....####..# ..## ..
#...##)).##
#..######....
#.....?..# #..##....#
#...g....# ..#...#
##...(.###.# .###.##
#.gg...# .. ## #.#
##.g.##..# .. # #.###
####..s.###..#
#...####.......## #...
##.........###..## #>..
####..######..# ##..##
## ......# #..# ##.<##
.###..######..## ##..##
## ##..........##
#...## #
#####.......####....###
.# ###..##.....%.....#


You could see 4 gnolls.

Vanquished Creatures
  A gnoll shaman (D:4)
  4 gnolls
  3 adders (D:3)
  A giant mite (D:2)
  A worm (D:3)
  A giant gecko (D:2)
  An ooze (D:2)
  2 ball pythons
  6 giant cockroaches
  8 hobgoblins
  5 jackals
  4 kobolds
  3 bats
  3 giant newts
  9 goblins
  An orc skeleton (D:4)
  2 quokkas
  10 rats
65 creatures vanquished.

Notes
Turn   | Place    | Note
--------------------------------------------------------------
     0 | D:1      | Kex, the Draconian Transmuter, began the quest for the Orb.
     0 | D:1      | Reached XP level 1. HP: 16/16 MP: 3/3
   424 | D:1      | Reached XP level 2. HP: 23/23 MP: 4/4
   968 | D:1      | Reached XP level 3. HP: 10/28 MP: 4/6
  1825 | D:3      | Learned a level 3 spell: Spider Form
  1872 | D:3      | Found a glowing silver altar of Zin.
  2091 | D:3      | Reached XP level 4. HP: 35/35 MP: 6/8
  2395 | D:3      | Found a white marble altar of Elyvilon.
  2843 | D:3      | Found a blossoming altar of Fedhas.
  2859 | D:3      | Noticed an oklob plant
  3130 | D:4      | Reached XP level 5. HP: 30/41 MP: 7/9
  3144 | D:4      | Mangled by a gnoll

Action                   |  1- 3 |  4- 6 || total
-------------------------+-------+-------++-------
Melee: Unarmed           |   160 |    60 ||   220
 Cast: Beastly Appendage |    28 |    12 ||    40
       Spider Form       |       |     1 ||     1
  Use: Scroll            |     4 |       ||     4
 Stab: Sleeping          |     1 |       ||     1
  Eat: Chunk             |     4 |     3 ||     7
